 Dungeon Crawl Stone Soup version 0.21-a0-442-g848f44b (webtiles) character file.

1803 slep the Slasher (level 8, 0/64 HPs)
             Began as a Demonspawn Monk on Nov 13, 2017.
             Was an Elder of Okawaru.
             Slain by an orc warrior
             ... wielding a +0 glaive
              (13 damage)
             ... on level 6 of the Dungeon.
             The game lasted 00:29:24 (5066 turns).

slep the Slasher (Demonspawn Monk)                  Turns: 5066, Time: 00:29:25

Health: 0/64       AC: -1    Str: 14    XL:     8   Next: 83%
Magic:  8/8        EV: 11    Int: 11    God:    Okawaru [****..]
Gold:   210        SH:  0    Dex: 16    Spells: 7/7 levels left

rFire    + . .     SeeInvis .   B - +0 great sword
rCold    + . .     Gourm    .   (shield currently unavailable)
rNeg     . . .     Faith    .   A - +1 chain mail of Moral Flaws {rElec rF+ rC+}
rPois    .         Spirit   .   (no helmet)
rElec    +         Reflect  .   (no cloak)
rCorr    .         Harm     .   (no gloves)
MR       +....                  (no boots)
Stlth    ..........             (no amulet)
HPRegen  0.20/turn              C - ring of protection from magic
MPRegen  0.11/turn              (no ring)

@: corroded
A: repulsion field 2, spiny 1, rot immunity
a: Heroism, Renounce Religion


You were on level 6 of the Dungeon.
You worshipped Okawaru.
Okawaru was greatly pleased with you.
You were not hungry.

You visited 2 branches of the dungeon, and saw 7 of its levels.

You collected 210 gold pieces.

Inventory:

Hand Weapons
 a - a +0 falchion
 f - a +0 battleaxe
 s - a +3 short sword
 B - a +0 great sword (weapon)
 D - a +2 whip of electrocution
 H - the +5 dagger "Sageorch" {vamp, rF+ MR+ SInv, unknown}
   (You found it on level 4 of the Dungeon)

   It inflicts no extra harm, but heals its wielder when it wounds a living foe.
   It protects you from fire.
   It affects your resistance to hostile enchantments.
   It lets you see invisible.
 M - a +0 war axe of electrocution
Missiles
 m - 101 stones (quivered)
 L - 4 poisoned tomahawks
Armour
 b - a +0 robe
 d - a +0 leather armour
 A - the +1 chain mail of Moral Flaws (worn) {rElec rF+ rC+}
   (You found it on level 4 of the Dungeon)

   It protects you from fire.
   It protects you from cold.
   It insulates you from electricity.
Jewellery
 z - the cursed necklace of Bloodlust {*Rage +Rage MR++ Int-3 Slay+6 *Curse}
   (You found it on level 4 of the Dungeon)

   [amulet of rage]

   It affects your intelligence (-3).
   It affects your accuracy and damage with ranged weapons and melee attacks
   (+6).
   It affects your resistance to hostile enchantments.
   It lets you go berserk.
   It may make you go berserk in combat.
   It curses itself when equipped.
   It has a curse placed upon it.
 C - a ring of protection from magic (left hand)
Wands
 G - a wand of confusion (19/48)
Scrolls
 e - 4 scrolls of teleportation {unknown}
 g - a scroll of noise {unknown}
 k - 6 scrolls of remove curse {unknown}
 l - 7 scrolls of identify {unknown}
 n - a scroll of fog {unknown}
 o - a scroll of enchant armour {unknown}
 r - a scroll of fear {unknown}
 t - a scroll of amnesia {unknown}
 v - a scroll of random uselessness {unknown}
 y - a scroll of recharging {unknown}
 I - a scroll of blinking {unknown}
Potions
 j - a potion of berserk rage {unknown}
 q - 4 potions of curing
 u - a potion of agility {unknown}
 x - a potion of ambrosia {unknown}
 F - a potion of brilliance {unknown}
 J - a potion of lignification {unknown}
Books
 w - a book of Necromancy

   Spells                             Type                      Level
   a - Pain                           Necromancy                   1
   b - Animate Skeleton               Necromancy                   1
   c - Vampiric Draining              Necromancy                   3
   d - Regeneration                   Charms/Necromancy            3
   e - Animate Dead                   Necromancy                   4
   f - Control Undead                 Necromancy                   4
Comestibles
 c - 4 bread rations
 h - 2 royal jellies
 i - 2 fruits
 p - 3 meat rations
 K - 5 chunks of flesh


   Skills:
 + Level 5.9 Fighting
 + Level 1.3(5.1) Short Blades
 + Level 7.9(8.0) Long Blades
 + Level 0.4 Throwing
 + Level 3.5 Armour
 + Level 3.8 Dodging
 + Level 3.1 Stealth


You had 7 spell levels left.
You didn't know any spells.

Dungeon Overview and Level Annotations

Branches:
Dungeon (6/15)             Temple (1/1) D:4

Altars:
Ashenzari
Cheibriados
Dithmenos
Elyvilon
Fedhas
Gozag
Hepliaklqana
Kikubaaqudgha
Makhleb
Nemelex Xobeh
Okawaru
Sif Muna
Trog
Uskayaw
Wu Jian
Zin
Lugonu


Innate Abilities, Weirdness & Mutations

You are surrounded by a moderate repulsion field. (EV +3)
You are partially covered in sharp spines.
You are immune to rotting.


Message History

You kill the orc priest!
Okawaru accepts your kill.
You feel much better. The orc warrior misses you.
Your chain mail of Moral Flaws prevents you from hitting the orc warrior.
The orc warrior is moderately wounded.
The orc warrior barely misses you.
You closely miss the orc warrior.
The orc warrior is moderately wounded.
The orc warrior hits you with a glaive!
* * * LOW HITPOINT WARNING * * *
You hit the orc warrior but do no damage.
The orc warrior is moderately wounded.
The orc warrior is struck by your spines.
The orc warrior barely misses you.
You riposte.
You barely miss the orc warrior.
The orc warrior is heavily wounded.
You slash the orc warrior!
The orc warrior is almost dead.
The orc warrior hits you with a glaive!
You die...

.# # # . .## .. ##
.##.. #..###.
...###. ....#
....... .#.....
.....# ....... ..#
.o.##......
.......## ...
#)....# ........#
#.. ##[# .....#..#
#.# #@o# .....##.#
#.# #.##
#....##.###.# #)#
##.#..##.##.####.#
#..#............##
#.#..###.#####..#
###...## #.#
##......# .....##
#.# #.....#..
####.## #..
#.##.##


You could see an orc warrior.

Vanquished Creatures
  2 steam dragons (D:5)
  The ghost of AverageBear the Cutter, an amateur DEFi of Ashenzari (D:4)
  3 ice beasts
  2 ogres
  A centaur (D:5)
  A bullfrog (D:5)
  A scorpion (D:3)
  A bullfrog zombie (D:5)
  2 crimson imps (D:5)
  A bullfrog skeleton (D:5)
  4 orc priests
  A hound (D:4)
  2 orc wizards
  2 jellies
  2 iguanas
  Terence (D:2)
  Natasha (thrice) (D:3)
  A worker ant zombie (D:5)
  11 adders
  A shadow imp (D:6)
  An ooze (D:4)
  An adder skeleton (D:4)
  4 worms
  A dart slug (D:4)
  6 leopard geckos
  18 orcs
  A ball python (D:1)
  3 giant cockroaches
  19 hobgoblins
  8 kobolds
  2 quokkas
  8 bats
  7 frilled lizards
  13 goblins
  17 rats
152 creatures vanquished.

Vanquished Creatures (others)
  A fungus (D:5)
1 creature vanquished.

Grand Total: 153 creatures vanquished

Notes
Turn   | Place    | Note
-------+----------+-------------------------------------------
     0 | D:1      | slep the Demonspawn Monk began the quest for the Orb.
     0 | D:1      | Reached XP level 1. HP: 18/18 MP: 1/1
   150 | D:1      | Reached skill level 3 in Long Blades
   150 | D:1      | Gained mutation: You are surrounded by a mild repulsion field. (EV +2) [demonic ancestry]
   150 | D:1      | Reached XP level 2. HP: 13/24 MP: 2/2
   886 | D:2      | Reached XP level 3. HP: 10/29 MP: 3/3
  1427 | D:2      | Reached XP level 4. HP: 14/35 MP: 4/4
  1593 | D:2      | Found a shattered altar of Ashenzari.
  1699 | D:2      | Found a hide-covered altar of Uskayaw.
  1699 | D:2      | Noticed Terence
  1798 | D:3      | Reached skill level 4 in Long Blades
  1798 | D:3      | Reached skill level 1 in Armour
  1798 | D:3      | Gained mutation: You are surrounded by a moderate repulsion field. (EV +3) [demonic ancestry]
  1798 | D:3      | Reached XP level 5. HP: 5/41 MP: 5/5
  1868 | D:3      | Found a shadowy altar of Dithmenos.
  1901 | D:3      | Found a burning altar of Makhleb.
  1925 | D:3      | Noticed Natasha
  1939 | D:3      | Killed Natasha
  2071 | D:3      | Noticed Natasha
  2102 | D:3      | Killed Natasha
  2224 | D:3      | Noticed Natasha
  2239 | D:3      | Killed Natasha
  2372 | D:3      | Found an opulent altar of Gozag.
  2456 | D:3      | Gained mutation: You are partially covered in sharp spines. [demonic ancestry]
  2456 | D:3      | Reached XP level 6. HP: 32/48 MP: 6/6
  2759 | D:3      | Noticed a moth of wrath
  2761 | D:3      | Found a bloodstained altar of Trog.
  2922 | D:2      | Killed Terence
  3011 | D:4      | Found a staircase to the Ecumenical Temple.
  3023 | Temple   | Entered the Ecumenical Temple
  3042 | Temple   | Became a worshipper of Warmaster Okawaru
  3042 | Temple   | Reached * piety under Okawaru
  3042 | Temple   | Reached ** piety under Okawaru
  3074 | D:4      | Found the cursed necklace of Bloodlust {*Rage +Rage MR++ Int-3 Slay+6 *Curse}
  3100 | D:4      | Got an encrusted chain mail
  3111 | D:4      | Identified the +1 chain mail of Moral Flaws {rElec rF+ rC+} (You found it on level 4 of the Dungeon)
  3258 | D:4      | Reached skill level 1 in Short Blades
  3258 | D:4      | Gained mutation: You are immune to rotting. [demonic ancestry]
  3258 | D:4      | Reached XP level 7. HP: 44/55 MP: 7/7
  3287 | D:4      | Reached skill level 5 in Long Blades
  3300 | D:4      | Noticed AverageBear's ghost (amateur DEFi)
  3306 | D:4      | Killed AverageBear's ghost
  3438 | D:5      | Entered Level 5 of the Dungeon
  3772 | D:4      | Found a glowing silver altar of Zin.
  3934 | D:4      | Found an ornate altar of the Wu Jian Council.
  4031 | D:4      | Got a translucent dagger
  4235 | D:5      | Found a burning altar of Makhleb.
  4235 | D:5      | Noticed a balrug
  4238 | D:5      | Noticed a smoke demon
  4238 | D:5      | Noticed a smoke demon
  4281 | D:5      | Reached skill level 5 in Fighting
  4429 | D:5      | Reached *** piety under Okawaru
  4429 | D:5      | Reached skill level 6 in Long Blades
  4446 | D:5      | Reached XP level 8. HP: 56/62 MP: 8/8
  4688 | D:5      | Reached skill level 7 in Long Blades
  4692 | D:5      | Reached **** piety under Okawaru
  5061 | D:6      | HP: 3/64 [orc warrior/glaive (5)]
  5066 | D:6      | Slain by an orc warrior

Vault maps used:
D:1:      dpeg_arrival_boxes_within_box, minmay_misc_feat_nine_boxes,
          columned_hall_lemuel
D:2:      cheibrodos_greedy_goblins, nicolae_overflow_hidden_temple,
          first_bread, evilmike_ruin_ashenzari, uniq_terence
D:3:      tgw_trog, overflow_temple_1_default, nicolae_gozag_seed_capital,
          nicolae_dithmenos_shadow_blocks, uniq_natasha
D:4:      old_standard_altar, zin_academy, minmay_temple_entry_mist
D:5:      kennysheep_steamy, makhleb_altar_promises_db
D:6:      grunt_temple_overflow_diamond, uniq_sigmund
Temple:   corrupted_temple

Skill      XL: |  1  2  3  4  5  6  7  8 |
---------------+-------------------------+-----
Long Blades    | 3 4 6 7 |  7.9
Stealth        | 2 3 |  3.1
Dodging        | 3 |  3.8
Armour         | 1 2 3 |  3.5
Fighting       | 4 5 |  5.9
Short Blades   | 1 |  1.3
Throwing       | |  0.4

Action                   |  1- 3 |  4- 6 |  7- 9 || total
-------------------------+-------+-------+-------++-------
Melee: Falchion          |   155 |   167 |       ||   322
       Short sword       |       |    42 |       ||    42
       Great sword       |       |    15 |   121 ||   136
Throw: Stone             |     1 |     7 |     1 ||     9
  Use: Potion            |       |     3 |     1 ||     4
 Stab: Sleeping          |     1 |     4 |       ||     5
  Eat: Chunk             |     2 |     6 |     6 ||    14
Armor: Leather armour    |    23 |    25 |       ||    48
       Robe              |     1 |       |       ||     1
       Chain mail        |       |    15 |    51 ||    66
Dodge: Dodged            |   104 |   170 |    67 ||   341
       Rpst.: Falchion   |    33 |    42 |       ||    75
       Great sword       |       |       |    25 ||    25

Table legend:
 A = Spawn XP
 B = Non-spawn XP
 C = Spawn XP percentage of total XP
 D = Spawn monster count
 E = Non-spawn monster count
 F = Spawn count percentage of total count
 G = Total turns spent on level
                    A         B        C        D         E        F      G
               +---------+---------+-------+---------+---------+-------+---------
         Total |       0 |    2576 |   0.0 |       0 |     152 |   0.0 |  5066
               +---------+---------+-------+---------+---------+-------+---------
           D:1 |       0 |      35 |   0.0 |       0 |      24 |   0.0 |   846
           D:2 |       0 |     134 |   0.0 |       0 |      39 |   0.0 |   972
           D:3 |       0 |     336 |   0.0 |       0 |      41 |   0.0 |  1186
           D:4 |       0 |     515 |   0.0 |       0 |      21 |   0.0 |   859
           D:5 |       0 |    1125 |   0.0 |       0 |      17 |   0.0 |  1028
           D:6 |       0 |     428 |   0.0 |       0 |       9 |   0.0 |   138
        Temple |       0 |       3 |   0.0 |       0 |       1 |   0.0 |    37
               +---------+---------+-------+---------+---------+-------+---------
